 Dungeon Crawl Stone Soup version 0.27-a0-1595-g0b823d0a13 (webtiles) character file.

Game seed: 5977529881327409818

31276 pokeman the Eclecticist (level 13, -9/70 HPs)
             Began as a Deep Elf Hedge Wizard on July 20, 2021.
             Was a Priest of Vehumet.
             Killed from afar by a rakshasa (illusionary) (28 damage)
             ... with a lance of force
             ... on level 14 of the Dungeon.
             The game lasted 01:00:59 (19361 turns).

pokeman the Eclecticist (Deep Elf Hedge Wizard)    Turns: 19361, Time: 01:01:00

Health: -9/70      AC:  8    Str:  7    XL:     13   Next: 25%
Magic:  17/45      EV: 16    Int: 25    God:    Vehumet [***...]
Gold:   940        SH:  6    Dex: 14    Spells: 20/47 levels left

rFire    . . .     SeeInvis .   o - staff of conjuration
rCold    . . .     Faith    .   f - +0 buckler
rNeg     . . .     Spirit   .   J - +0 troll leather armour
rPois    .         Reflect  .   y - +1 hat
rElec    .         Harm     .   s - +0 cloak
rCorr    .         Rampage  .   a - +0 pair of gloves
Will     +....                  (no boots)
Stlth    ++........             I - amulet of magic regeneration
HPRegen  1.21/turn              e - +4 ring of evasion
MPRegen  0.54/turn              D - ring of magical power

@: studying Shields
A: no striking features
a: Renounce Religion


You were on level 14 of the Dungeon.
You worshipped Vehumet.
Vehumet was most pleased with you.
You visited 2 branches of the dungeon, and saw 15 of its levels.
You also visited: Bailey.

You collected 989 gold pieces.
You spent 49 gold pieces at shops.

Inventory:

Hand Weapons
 N - a +0 arbalest
Missiles
 n - 228 bolts
Armour
 a - a +0 pair of gloves (worn)
 f - a +0 buckler (worn)
 i - a +0 kite shield
 s - a +0 cloak (worn)
 y - a +1 hat (worn)
 J - a +0 troll leather armour (worn)
 Q - +0 swamp dragon scales
Magical Staves
 o - a staff of conjuration (weapon)
Jewellery
 e - a +4 ring of evasion (left hand)
 g - a ring of protection from fire
 l - a ring of flight
 D - a ring of magical power (right hand)
 I - an amulet of magic regeneration (around neck)
 V - a ring of ice
Wands
 c - a wand of polymorph (8)
 E - a wand of digging (4)
 O - a wand of acid (12)
Scrolls
 b - 9 scrolls of teleportation
 d - a scroll of fog
 h - 2 scrolls of magic mapping
 v - a scroll of enchant armour
 L - a scroll of blinking
 M - a scroll of brand weapon {unknown}
 P - a scroll of summoning {unknown}
Potions
 j - 9 potions of curing
 q - 2 potions of haste
 A - 2 potions of heal wounds
 S - a potion of brilliance {unknown}
 T - a potion of might {unknown}
 U - a potion of mutation {unknown}
 X - a potion of flight {unknown}
 Y - 2 potions of berserk rage {unknown}
Miscellaneous
 W - a phantom mirror


   Skills:
 - Level 4.1 Fighting
 - Level 4.0 Armour
 - Level 4.0 Dodging
 - Level 3.0 Stealth
 + Level 7.6 Shields
 * Level 17.9 Spellcasting
 + Level 11.1 Conjurations
 - Level 1.1 Summonings
 - Level 1.1 Translocations
 - Level 4.3 Fire Magic
 - Level 1.0 Ice Magic
 - Level 1.0 Air Magic
 + Level 9.8 Earth Magic
 - Level 1.1 Poison Magic
 - Level 1.0 Evocations


You had 20 spell levels left.
You knew the following spells:

 Your Spells              Type           Power      Damage    Failure   Level
a - Magic Dart            Conj           100%       1d8       1%          1
b - Mephitic Cloud        Conj/Pois/Air  61%        N/A       1%          3
c - Call Imp              Summ           27%        N/A       3%          2
d - Blink                 Tloc           N/A        N/A       3%          2
e - Conjure Flame         Conj/Fire      75%        6-21      1%          3
f - Stone Arrow           Conj/Erth      100%       3d13      1%          3
g - Freezing Cloud        Conj/Ice/Air   30%        6-21      4%          5
h - Lehudib's Crystal Sp  Conj/Erth      42%        10d10     54%         8

Your spell library contained the following spells:

 Spells                   Type           Power      Damage    Failure   Level
 Inner Flame              Hex/Fire       33%        N/A       1%          3
 Poisonous Vapours        Pois/Air       54%        N/A       1%          2
 Irradiate                Conj/Tmut      33%        3d25      2%          5
 Animate Skeleton         Necr           44%        N/A       3%          1
 Pain                     Necr           88%        1d8       3%          1
 Animate Armour           Summ/Erth      98%        N/A       3%          4
 Slow                     Hex            22%        N/A       4%          2
 Ozocubu's Armour         Ice            27%        N/A       6%          3
 Vampiric Draining        Necr           11%        2d7       10%         3
 Blade Hands              Tmut           11%        N/A       65%         5
 Ozocubu's Refrigeration  Ice            13%        4d7       98%         7
 Dragon Form              Tmut           11%        N/A       100%        7


Dungeon Overview and Level Annotations

Branches:
Dungeon (14/15)            Temple (1/1) D:4            Lair (0/6) D:10
    Orc (0/2) D:10         Vaults (0/5) D:13         Bailey (visited)

Altars:
Ashenzari
Cheibriados
Dithmenos
Elyvilon
Fedhas
Gozag
Hepliaklqana
Kikubaaqudgha
Makhleb
Nemelex Xobeh
Okawaru
Qazlal
Ru
Sif Muna
Trog
Uskayaw
Vehumet
Wu Jian
Xom
Yredelemnul
Zin
The Shining One

Shops:
D:1 ?   D:3 (


Message History

Aim: a rakshasa, wielding a +0 whip and wearing a +0 robe (lightly wounded, 66% to hit)
You feel a surge of power!
The stone arrow hits the rakshasa!!
The rakshasa is heavily wounded.
The injured rakshasa weaves a defensive illusion!
The manticore is engulfed in freezing vapours.
The rakshasa barely misses you. The rakshasa gestures at you.
The lance of force hits you!!
You are knocked back by the lance of force.
Casting: Stone Arrow (safe; 1% risk of failure)
Confirm with . or Enter, or press ? or * to list all spells.
Aiming: Stone Arrow (safe; 1% risk of failure)
Press: ? - help, Shift-Dir - straight line, f - rakshasa
Aim: a rakshasa, wielding a +0 whip and wearing a +0 robe (heavily wounded, 66% to hit)
You feel a surge of power!
The stone arrow hits the rakshasa!
You kill the rakshasa!
The manticore is engulfed in freezing vapours.
The rakshasa gestures at you. The lance of force hits you!!
You are knocked back by the lance of force.
You slam into the rock wall!
* * * LOW HITPOINT WARNING * * *
The rakshasa blinks!
Casting: Stone Arrow (safe; 1% risk of failure)
Confirm with . or Enter, or press ? or * to list all spells.
Aiming: Stone Arrow (safe; 1% risk of failure)
Press: ? - help, Shift-Dir - straight line, f - rakshasa
Aim: a rakshasa, wielding a +0 whip and wearing a +0 robe (heavily wounded, 66% to hit)
You feel a surge of power!
The stone arrow misses the rakshasa.
Your magical contamination has completely faded away.
Casting: Stone Arrow (safe; 1% risk of failure)
Confirm with . or Enter, or press ? or * to list all spells.
Aiming: Stone Arrow (safe; 1% risk of failure)
Press: ? - help, Shift-Dir - straight line, f/p - rakshasa
Aim: a rakshasa, wielding a +0 whip and wearing a +0 robe (heavily wounded, 66% to hit)
You feel a surge of power!
The stone arrow hits the rakshasa!
The rakshasa is almost dead.
The rakshasa gestures at you. The lance of force hits you!!
You die...

##...........#.......#
..(............[......#
.####........##.......#
>......^.....##.....[.#
.............##..R)...#
##...........##.......#
##............##R######
#.............##.....#
............#.#.@....#
...........##.#.#....#
.....................#
...........##...#....#
................#....#
................#....#
.........#.....####.##
..............## #.#
##.....#.####.#####.#


You could see 2 rakshasas.

Vanquished Creatures
  4 boulder beetles
  A hydra (shapeshifter) (D:13)
  A catoblepas (shapeshifter) (D:14)
  3 vault guards (D:13)
  Erica (D:8)
  A centaur warrior (D:13)
  6 two-headed ogres
  A death knight (D:14)
  A tengu warrior (D:13)
  An orc knight (Bailey)
  A necromancer (D:14)
  3 cyclopes
  2 manticores
  2 centaur zombies
  Maurice (D:10)
  2 gargoyles
  An efreet (D:14)
  Maggie (D:10)
  Psyche (D:8)
  A kobold demonologist (D:12)
  A komodo dragon (D:7)
  4 tengu conjurers
  3 trolls
  3 meliai
  A hornet (D:9)
  4 slime creatures (D:12)
  A wraith (D:11)
  Sigmund (D:2)
  A centaur simulacrum (D:14)
  3 shadows
  3 water elementals (D:12)
  A wyvern (D:6)
  2 steam dragons
  3 yaks (D:11)
  Grum (D:8)
  8 humans (D:13)
  4 vampire mosquitoes
  An acid dragon (D:12)
  4 water moccasins
  A swamp drake (D:10)
  A black bear (D:7)
  A sky beast (D:7)
  16 orc warriors
  8 centaurs
  4 wolves (D:8)
  2 necrophages
  3 ogres
  2 phantoms
  2 kobold brigands
  A bullfrog (D:9)
  2 scorpions
  A wyvern skeleton (D:6)
  A water moccasin skeleton (D:5)
  7 wights (D:9)
  16 howler monkeys
  3 electric eels (D:12)
  A bullfrog zombie (D:5)
  A jelly (D:8)
  5 hounds
  5 orc priests
  Crazy Yiuf (D:3)
  2 bullfrog skeletons
  2 gnoll shamans (D:3)
  10 orc wizards
  3 iguanas
  A scorpion zombie (D:5)
  19 gnolls
  6 adders
  A shadow imp (D:7)
  A white imp (D:8)
  An adder skeleton (D:4)
  3 worms
  3 dart slugs
  72 orcs
  6 bats
  5 endoplasms
  6 giant cockroaches
  11 goblins
  7 hobgoblins
  14 jackals (D:3)
  5 quokkas
  7 ball pythons
  5 frilled lizards
  10 kobolds
  5 rats
373 creatures vanquished.

Vanquished Creatures (collateral kills)
  An adder (D:2)
  An endoplasm (D:2)
2 creatures vanquished.

Vanquished Creatures (others)
  A human (D:13)
  A plant (D:3)
2 creatures vanquished.

Grand Total: 377 creatures vanquished

Notes
Turn   | Place    | Note
-------+----------+-------------------------------------------
     0 | D:1      | pokeman the Deep Elf Hedge Wizard began the quest for the
                  | Orb.
     0 | D:1      | Reached XP level 1. HP: 10/10 MP: 7/7
   202 | D:1      | Reached XP level 2. HP: 15/15 MP: 6/9
   757 | D:1      | Reached skill level 5 in Spellcasting
   945 | D:1      | Reached XP level 3. HP: 20/20 MP: 2/11
   949 | D:1      | Learned a level 3 spell: Mephitic Cloud
   952 | D:1      | Learned a level 2 spell: Call Imp
   955 | D:1      | Learned a level 2 spell: Blink
   959 | D:1      | Learned a level 3 spell: Conjure Flame
  1012 | D:1      | Found a faded altar of an unknown god.
  1033 | D:1      | Found Hashuss's Magic Scroll Shop.
  1036 | D:1      | Bought a scroll of magic mapping for 38 gold pieces
  1036 | D:1      | Bought a scroll of noise for 11 gold pieces
  1462 | D:2      | Reached skill level 1 in Fighting
  1462 | D:2      | Reached skill level 1 in Armour
  1601 | D:2      | HP: 1/20 [adder (3)]
  1607 | D:2      | Reached XP level 4. HP: 2/25 MP: 1/13
  2257 | D:2      | Noticed Sigmund
  2273 | D:2      | Killed Sigmund
  2274 | D:2      | Reached skill level 6 in Spellcasting
  2274 | D:2      | Reached XP level 5. HP: 5/29 MP: 4/16
  2888 | D:3      | Reached XP level 6. HP: 34/34 MP: 14/17
  3026 | D:3      | Found Xeudix's Antique Weapon Emporium.
  3195 | D:3      | Found a runed translucent door.
  3196 | D:3      | Noticed Crazy Yiuf
  3440 | D:3      | Reached skill level 7 in Spellcasting
  3699 | D:3      | Reached skill level 1 in Air Magic
  3809 | D:3      | Reached skill level 1 in Poison Magic
  3809 | D:3      | Reached XP level 7. HP: 38/38 MP: 10/20
  4277 | D:3      | Reached skill level 8 in Spellcasting
  5132 | D:3      | Killed Crazy Yiuf
  5368 | D:4      | Reached skill level 9 in Spellcasting
  5368 | D:4      | Reached XP level 8. HP: 32/44 MP: 1/23
  5740 | D:4      | Found a staircase to the Ecumenical Temple.
  5750 | Temple   | Entered the Ecumenical Temple
  6344 | D:5      | Entered Level 5 of the Dungeon
  7083 | D:5      | Learned a level 5 spell: Freezing Cloud
  7497 | D:6      | Found a glowing silver altar of Zin.
  7498 | D:6      | Found a shadowy altar of Dithmenos.
  7498 | D:6      | Found a glowing golden altar of the Shining One.
  7499 | D:6      | Found a shimmering altar of Xom.
  7513 | D:6      | Reached skill level 5 in Conjurations
  7781 | D:6      | Reached skill level 1 in Ice Magic
  7923 | D:6      | Reached skill level 10 in Spellcasting
  8022 | D:6      | Reached skill level 1 in Shields
  8202 | D:6      | Learned a level 3 spell: Stone Arrow
  8497 | D:6      | Reached skill level 1 in Earth Magic
  8510 | D:6      | Reached XP level 9. HP: 40/48 MP: 15/25
  8519 | D:6      | Learned a level 8 spell: Lehudib's Crystal Spear
  9223 | D:7      | Reached skill level 11 in Spellcasting
  9811 | D:7      | Noticed a komodo dragon
  9816 | D:7      | Killed a komodo dragon
  9817 | D:7      | Reached skill level 1 in Evocations
 10833 | D:8      | Reached skill level 12 in Spellcasting
 10836 | D:8      | Noticed Erica
 10859 | D:8      | Killed Erica
 10860 | D:8      | Reached XP level 10. HP: 47/53 MP: 2/28
 11097 | D:8      | Identified the +1 ring mail of the Hundredfold Souls
                  | {Rampage Fly Dex-2 Stlth-}
 11280 | D:8      | Noticed Grum
 11297 | D:8      | Killed Grum
 11513 | D:8      | Found a radiant altar of Vehumet.
 11513 | D:8      | Found a basalt altar of Yredelemnul.
 11517 | D:8      | Became a worshipper of Vehumet
 11852 | D:8      | Noticed Psyche
 11977 | D:8      | Killed Psyche
 12411 | D:9      | Reached skill level 13 in Spellcasting
 12443 | D:9      | Reached skill level 5 in Earth Magic
 12815 | D:9      | Noticed a two-headed ogre
 12841 | D:9      | Killed a two-headed ogre
 13420 | D:10     | Entered Level 10 of the Dungeon
 13420 | D:10     | Noticed a two-headed ogre
 13571 | D:10     | Reached * piety under Vehumet
 13571 | D:10     | Offered knowledge of Foxfire by Vehumet.
 13587 | D:10     | Killed a two-headed ogre
 13588 | D:10     | Reached skill level 14 in Spellcasting
 13588 | D:10     | Reached XP level 11. HP: 51/59 MP: 25/31
 13595 | D:10     | Found a flagged portal.
 13600 | Bailey   | Entered a bailey
 14100 | Bailey   | Noticed an orc knight
 14126 | Bailey   | Killed an orc knight
 14283 | D:10     | Noticed Maurice
 14302 | D:10     | Killed Maurice
 14445 | D:10     | Found a staircase to the Lair.
 14687 | D:10     | Reached ** piety under Vehumet
 14687 | D:10     | Offered knowledge of Sandblast by Vehumet.
 14722 | D:10     | Found a staircase to the Orcish Mines.
 14730 | D:10     | Noticed Maggie
 14757 | D:10     | Killed Maggie
 15327 | D:11     | Noticed a boulder beetle
 15477 | D:11     | Killed a boulder beetle
 15478 | D:11     | Reached skill level 15 in Spellcasting
 15662 | D:11     | Noticed a two-headed ogre
 15666 | D:11     | Killed a two-headed ogre
 15691 | D:11     | Noticed a two-headed ogre
 15692 | D:11     | Noticed a two-headed ogre
 15706 | D:11     | Killed a two-headed ogre
 15713 | D:11     | Killed a two-headed ogre
 15961 | D:11     | Noticed a two-headed ogre
 15969 | D:11     | Killed a two-headed ogre
 16164 | D:11     | Reached XP level 12. HP: 66/66 MP: 32/33
 16509 | D:12     | Reached skill level 16 in Spellcasting
 16709 | D:12     | Noticed a boulder beetle
 16720 | D:12     | Killed a boulder beetle
 16722 | D:12     | Noticed a boulder beetle
 16734 | D:12     | Killed a boulder beetle
 16735 | D:12     | Reached skill level 5 in Shields
 16735 | D:12     | Reached skill level 10 in Conjurations
 16820 | D:12     | Found a blossoming altar of Fedhas.
 16833 | D:12     | Offered knowledge of Ignite Poison by Vehumet.
 17428 | D:13     | Reached *** piety under Vehumet
 17429 | D:13     | Noticed a boulder beetle
 17513 | D:13     | Noticed a tengu warrior
 17521 | D:13     | Killed a boulder beetle
 17524 | D:13     | Killed a tengu warrior
 18317 | D:13     | Reached skill level 17 in Spellcasting
 18376 | D:13     | Noticed a centaur warrior
 18386 | D:13     | Killed a centaur warrior
 18570 | D:13     | Noticed a satyr
 18658 | D:13     | Noticed a seven-headed hydra
 18665 | D:13     | Killed a seven-headed hydra
 18799 | D:13     | Noticed a vault guard
 18811 | D:13     | Killed a vault guard
 18837 | D:13     | Offered knowledge of Inner Flame by Vehumet.
 18842 | D:13     | Reached XP level 13. HP: 70/70 MP: 36/36
 19038 | D:13     | Found a gate to the Vaults.
 19361 | D:14     | Killed from afar by a rakshasa (illusionary)

Illustrated notes

Levels and vault maps discovered:
D:1:      minmay_arrival_solitary_statue, layout_basic, serial_shops,
          nicolae_shop_behind_doors, ebering_ecumenical_altar_box
D:2:      layout_loops_ring, uniq_sigmund
D:3:      lemuel_castle_with_subvaults [lemuel_castle_interior_carwin_2],
          layout_basic, serial_shops, shop_fountains,
          hangedman_decor_clover_reticule, minivault_26, uniq_crazy_yiuf_cottage
D:4:      layout_loops_corners, minmay_temple_entry_tees, dk_noncrumbling_4,
          minmay_surrounded
D:5:      layout_loops_ring
D:6:      layout_cave_pods, chequers_temple_overflow_statue_of_worship
D:7:      layout_basic
D:8:      layout_layer_cave, mainiacjoe_overflow_divided_tiny, uniq_erica,
          uniq_psyche, uniq_grum
D:9:      layout_stronghold
D:10:     layout_roguey, lair_entry_dummy, erik_orc_1, enter_bailey_3,
          uniq_maurice, uniq_maggie
D:11:     layout_gridville, grunt_ogre_cave
D:12:     layout_basic, fedhas_bush_and_centaur_altar
D:13:     layout_cave_pools, ximxim_vaults_locker_room
D:14:     hourglass_vault, layout_rooms, chequers_serial_rivers_small_a,
          serial_shops, shop
Temple:   lightli_temple_of_artemis

Skill      XL: |  1  2  3  4  5  6  7  8  9 10 11 12 13 |
---------------+----------------------------------------+-----
Spellcasting   | 5 6 7 9 10 12 14 15 17 | 17.9
Fighting       | 1 2 4 |  4.1
Armour         | 1 2 4 |  4.0
Conjurations   | 2 3 4 5 7 8 9 10 11 | 11.1
Dodging        | 3 4 |  4.0
Fire Magic     | 2 3 4 |  4.3
Air Magic      | 1 |  1.0
Stealth        | 3 |  3.0
Poison Magic   | 1 |  1.1
Ice Magic      | 1 |  1.0
Shields        | 1 3 4 6 7 |  7.6
Earth Magic    | 1 4 6 7 9 |  9.8
Evocations     | 1 |  1.0
Summonings     | |  1.1
Translocations | |  1.1

Action                   |  1- 3 |  4- 6 |  7- 9 | 10-12 | 13-15 || total
-------------------------+-------+-------+-------+-------+-------++-------
Melee: Short sword       |     1 |       |       |       |       ||     1
       Flail             |       |     1 |       |       |       ||     1
       Scythe            |       |    27 |    56 |       |       ||    83
       Hand axe          |       |       |    51 |    65 |       ||   116
       Staff             |       |       |       |     9 |     3 ||    12
 Fire: Shortbow          |       |       |       |    14 |       ||    14
 Cast: Magic Dart        |    87 |   102 |   287 |   128 |     3 ||   607
       Call Imp          |     2 |       |     7 |     2 |       ||    11
       Mephitic Cloud    |     1 |    10 |    39 |    59 |     5 ||   114
       Conjure Flame     |       |     2 |    20 |    35 |     7 ||    64
       Stone Arrow       |       |       |     8 |   191 |    39 ||   238
       Blink             |       |       |     1 |     8 |     2 ||    11
       Freezing Cloud    |       |       |       |       |     1 ||     1
Evoke: Wand              |       |       |       |     4 |       ||     4
  Use: Scroll            |       |       |       |    12 |     2 ||    14
 Stab: Confused          |       |     1 |     9 |     5 |     1 ||    16
       Paralysed         |       |       |       |     7 |       ||     7
Armor: Robe              |     1 |    12 |     4 |       |       ||    17
       Leather armour    |       |       |    22 |     1 |       ||    23
       Troll leather arm |       |       |       |    35 |     1 ||    36
Dodge: Dodged            |     6 |    75 |   161 |   159 |     4 ||   405
Block: Buckler           |       |       |       |     3 |     1 ||     4

Table legend: (Time is in decaauts)
 A = Elapsed time spent in this place.
 B = Non-inter-level travel time spent in this place.
 C = Inter-level travel time spent in this place.
 D = Time resting spent in this place.
 E = Time spent auto-exploring this place.
 F = Levels seen in this place.
 G = Mean time per level.
                   A        B        C        D        E       F      G
               +--------+--------+--------+--------+--------+-----+--------+
         Total |  19540 |  18343 |   1197 |   1626 |  13640 |  16 | 1221.2 |
       Dungeon |  18822 |  17651 |   1171 |   1510 |  13403 |  14 | 1344.4 |
        Temple |     90 |     64 |     26 |      0 |      0 |   1 |   90.0 |
        Bailey |    626 |    626 |      0 |    116 |    237 |   1 |  626.0 |
               +--------+--------+--------+--------+--------+-----+--------+

Top non-repeatable levels by time:
     D:3: 2426 daAuts
     D:8: 1914 daAuts
     D:6: 1726 daAuts
     D:2: 1500 daAuts
     D:7: 1476 daAuts
    D:11: 1451 daAuts
     D:1: 1383 daAuts
    D:10: 1278 daAuts
     D:5: 1233 daAuts
     D:4: 1192 daAuts
     D:9: 1151 daAuts
    D:13: 1001 daAuts
    D:12: 826 daAuts
  Bailey: 626 daAuts
    D:14: 259 daAuts
